 Seeded DCSS version 0.30.0-29-ga12c61a403 (webtiles) character file.

Game seed: 11795973205854487776 (custom seed)

28 IndexError the Conjurer (level 3, 25/25 HPs)
             Began as a Gnoll Conjurer on June 15, 2023.
             Quit the game on level 2 of the Dungeon.
             The game lasted 00:01:09 (1434 turns).

IndexError the Conjurer (Gnoll Conjurer)            Turns: 1434, Time: 00:01:10

Health: 25/25      AC:  3    Str:  6    XL:     3   Next: 12%
Magic:  9/9        EV: 13    Int: 19    God:
Gold:   131        SH:  0    Dex: 10    Spells: 11/12 levels left

rFire   . . .        m - +0 whip
rCold   . . .        (no shield)
rNeg    . . .        a - +0 robe
rPois   .            (no helmet)
rElec   .            (no cloak)
rCorr   .            e - +0 pair of gloves
SInv    .            (no boots)
Will    .....        (no amulet)
Stlth   ++           (no ring)
HPRegen 0.24/turn    (no ring)
MPRegen 0.11/turn

%: no passive effects
@: no status effects
A: fangs 1, strong nose, distributed training
a: no special abilities


You were on level 2 of the Dungeon.
You visited 1 branch of the dungeon, and saw 2 of its levels.

You collected 131 gold pieces.

Inventory:

Hand Weapons
 m - a +0 whip (weapon)
   (You took it off a kobold on level 2 of the Dungeon)
Armour
 a - a +0 robe (worn)
 e - a +0 pair of gloves (worn)
   (You found it on level 1 of the Dungeon)
Scrolls
 d - a scroll of fear {unknown}
 f - 2 scrolls of identify {unknown}
 g - a scroll of immolation {unknown}
 h - a scroll of magic mapping {unknown}
 j - a scroll of amnesia {unknown}
 k - a scroll of butterflies {unknown}
Potions
 b - a potion of magic
 i - a potion of curing {unknown}
 l - a potion of flight {unknown}


   Skills:
 + Level 0.7 Fighting
 + Level 0.7 Short Blades
 + Level 0.7 Long Blades
 + Level 0.7 Axes
 + Level 0.7 Maces & Flails
 + Level 0.7 Polearms
 + Level 0.7 Staves
 + Level 0.7 Ranged Weapons
 + Level 0.7 Throwing
 + Level 0.7 Armour
 + Level 4.5 Dodging
 + Level 4.1 Stealth
 + Level 0.7 Shields
 + Level 0.7 Unarmed Combat
 + Level 5.0 Spellcasting
 + Level 7.1 Conjurations
 + Level 0.5 Hexes
 + Level 0.5 Summonings
 + Level 0.5 Necromancy
 + Level 0.5 Translocations
 + Level 0.5 Transmutations
 + Level 0.5 Fire Magic
 + Level 0.5 Ice Magic
 + Level 0.5 Air Magic
 + Level 0.5 Earth Magic
 + Level 0.5 Poison Magic
 + Level 0.9 Invocations
 + Level 0.7 Evocations


You had 11 spell levels left.
You knew the following spells:

 Your Spells              Type           Power      Damage    Failure   Level
a - Magic Dart            Conj           100%       1d8       1%          1

Your spell library contained the following spells:

 Spells                   Type           Power      Damage    Failure   Level
 Searing Ray              Conj           62%        2d6       1%          2
 Dazzling Flash           Conj/Hex       38%        N/A       8%          3
 Fulminant Prism          Conj/Hex       9%         3d7       26%         4
 Iskenderun's Mystic Bla  Conj/Tloc      19%        2d6       26%         4
 Gell's Gravitas          Tloc           6%         N/A       30%         3
 Teleport Other           Tloc           6%         N/A       30%         3
 Dispersal                Tloc           3%         N/A       100%        6


Dungeon Overview and Level Annotations

Branches:
Dungeon (2/15)

Altars:

Shops:
D:2 [


Innate Abilities, Weirdness & Mutations

You have very sharp teeth.
Your uncanny sense of smell can sniff out nearby items.
Your experience applies equally to all skills.


Message History

You now have 6/7 mp.
The magic dart hits the ball python.
You now have 5/7 mp.
You can't see any susceptible monsters within range! (Use Z to cast anyway.)
You can't see any susceptible monsters within range! (Use Z to cast anyway.)
There is an open door here.
There is a stone staircase leading down here.
You open the door.
There is an open door here.
You open the door.
There is an open door here.
You see here a +0 robe.
There is a large open door here.
You open the door.
There is an open door here.
Partly explored, can't reach some places.
MP restored: 7 You can't see any susceptible monsters within range! (Use Z to cast anyway.)
You can't see any susceptible monsters within range! (Use Z to cast anyway.) Partly explored, can't reach some places.
Partly explored, can't reach some places.
Partly explored, can't reach some places.
There is an open door here.
There is a large open door here.
You open the door.
There is an open door here.
There is a stone staircase leading down here.
You climb downwards.
There is a stone staircase leading up here.
A kobold comes into view. It is wielding a +0 whip.
The magic dart hits the kobold.
You now have 6/7 mp.
The magic dart hits the kobold.
You now have 5/7 mp.
The magic dart hits the kobold.
Your Spellcasting skill increases to level 5!
You have reached level 3!
Your experience leads to an increase in your attributes!
Increase (s)trength, (i)ntelligence, or (d)exterity?
You feel clever. x2
Health restored: 25 You now have 4/9 mp.
Magic restored.
Something unseen opens the door.
You sense a monster nearby.
MP restored: 9 A kobold comes into view.
It is wielding a +0 short sword.
The magic dart hits the kobold but does no damage.
You now have 8/9 mp.
The magic dart hits the kobold.
You now have 7/9 mp.
You can't see any susceptible monsters within range! (Use Z to cast anyway.)
You can't see any susceptible monsters within range! (Use Z to cast anyway.)
Things that are here:
a +0 whip; a kobold corpse
m - a +0 whip
m - a +0 whip (weapon)
You drop a +0 mace.
You start putting on your armour.
You continue putting on your +0 pair of gloves. x4
You finish putting on your +0 pair of gloves.
Found a stone staircase leading up.
MP restored: 9
There is a stone staircase leading up here.
You open the door.
There is an open door here.
Found a stone staircase leading down.
You now have 107 gold pieces (gained 10).
You open the door.
Found a stone staircase leading down.
There is an open door here.
There is a stone staircase leading down here.
You see here 8 stones.
You now have 120 gold pieces (gained 13).
A quokka comes into view.
A quokka is nearby!
A quokka is nearby!
The magic dart hits the quokka.
You now have 8/9 mp.
The magic dart hits the quokka.
You now have 7/9 mp.
You can't see any susceptible monsters within range! (Use Z to cast anyway.)
You see here a quokka corpse.
An endoplasm comes into view.
The endoplasm quivers.
MP restored: 9 An endoplasm is nearby!
An endoplasm is nearby!
The magic dart hits the endoplasm.
You now have 8/9 mp.
You can't see any susceptible monsters within range! (Use Z to cast anyway.)
You can't see any susceptible monsters within range! (Use Z to cast anyway.)
Found Vusotaunu's Antique Armour Boutique.
You now have 131 gold pieces (gained 11).
MP restored: 9 You open the door.
There is an open door here.
There is a stone staircase leading down here.
There is an entrance to Vusotaunu's Antique Armour Boutique here.
Are you sure you want to abandon this character and quit the game? (Confirm with "yes".)

+......<...#.#
#......#####.#
........'.....#
........####.#####
......### ##.#...# ..#.#.#
#....#+# #
...(#.#####....#.#.#
.#..#..........#.#.#
.#.............#@#.# .
.#.##......##..≈.#.###....
.........#####.≈.#........
.#.###...# ###>#..##....
.#.......# ##.#.#........
.#.#.#...# #..#.#..#...
.#.#.#...####.##'#..#...
...#.....'....>#....#...
...###...##.##.###..#..


There were no monsters in sight!

Vanquished Creatures
  A dart slug (D:1)
  A bat (D:1)
  2 endoplasms
  A giant cockroach (D:1)
  4 hobgoblins (D:1)
  2 jackals (D:1)
  2 kobolds (D:2)
  2 quokkas
  5 ball pythons (D:1)
  A frilled lizard (D:1)
  A rat (D:1)
22 creatures vanquished.

Notes
Turn   | Place    | Note
-------+----------+-------------------------------------------
     0 | D:1      | IndexError the Gnoll Conjurer began the quest for the Orb.
     0 | D:1      | Reached XP level 1. HP: 13/13 MP: 6/6
   195 | D:1      | Reached XP level 2. HP: 19/19 MP: 4/7
   402 | D:1      | Found a faded altar of an unknown god.
  1206 | D:2      | Reached skill level 5 in Spellcasting
  1206 | D:2      | Reached XP level 3. HP: 25/25 MP: 4/9
  1422 | D:2      | Found Vusotaunu's Antique Armour Boutique.
  1434 | D:2      | Quit the game

Illustrated notes

Levels and vault maps discovered:
D:1:      denvon_arrival_planthouse, layout_basic,
          dreamdust_ecumenical_altar_statues
D:2:      minmay_razor_zed, layout_basic, serial_shops,
          nicolae_shop_hallway_stairs, minmay_split_cup_small

Skill      XL: |  1  2 |
---------------+-------+-----
Spellcasting   | 5 |  5.0
Fighting       | |  0.7
Short Blades   | |  0.7
Long Blades    | |  0.7
Axes           | |  0.7
Maces & Flails | |  0.7
Polearms       | |  0.7
Staves         | |  0.7
Ranged Weapons | |  0.7
Throwing       | |  0.7
Armour         | |  0.7
Dodging        | |  4.5
Stealth        | |  4.1
Shields        | |  0.7
Unarmed Combat | |  0.7
Conjurations   | |  7.1
Hexes          | |  0.5
Summonings     | |  0.5
Necromancy     | |  0.5
Translocations | |  0.5
Transmutations | |  0.5
Fire Magic     | |  0.5
Ice Magic      | |  0.5
Air Magic      | |  0.5
Earth Magic    | |  0.5
Poison Magic   | |  0.5
Invocations    | |  0.9
Evocations     | |  0.7

Action                     || total
---------------------------++-------
   Cast: Magic Dart        ||    40

Levels and vault maps discovered:
D:1:      denvon_arrival_planthouse, layout_basic,
          dreamdust_ecumenical_altar_statues
D:2:      minmay_razor_zed, layout_basic, serial_shops,
          nicolae_shop_hallway_stairs, minmay_split_cup_small

Table legend: (Time is in decaauts)
 A = Elapsed time spent in this place.
 B = Non-inter-level travel time spent in this place.
 C = Inter-level travel time spent in this place.
 D = Time resting spent in this place.
 E = Time spent auto-exploring this place.
 F = Levels seen in this place.
 G = Mean time per level.
                   A        B        C        D        E       F      G
               +--------+--------+--------+--------+--------+-----+--------+
         Total |   1432 |   1369 |     63 |      0 |   1274 |   2 |  716.0 |
       Dungeon |   1432 |   1369 |     63 |      0 |   1274 |   2 |  716.0 |
               +--------+--------+--------+--------+--------+-----+--------+

Top non-repeatable levels by time:
     D:1: 1192 daAuts
     D:2: 240 daAuts

Table legend:
 A = Kills in this place as a percentage of kills in the entire game.
 B = Kills by you in this place as a percentage of kills by you in the entire game.
 C = Kills by friends in this place as a percentage of kills by friends in the entire game.
 D = Other kills in this place as a percentage of other kills in the entire game.
 E = Experience gained in this place as a percentage of experience gained in the entire game.
 F = Experience gained in this place divided by the number of levels of this place that you have seen.
                   A       B       C       D       E      F
               +-------+-------+-------+-------+-------+----------------------
         Total | 100.0 | 100.0 |   N/A |   N/A | 100.0 |  20.0
       Dungeon | 100.0 | 100.0 |   N/A |   N/A | 100.0 |  20.0
               +-------+-------+-------+-------+-------+----------------------
